 Dungeon Sprint DCSS version 0.23.0-2-g0fe3ce5 (webtiles) character file.

Game seed: 10071135628901976576

5460 sanboga the Severer (level 10, 0/74 HPs)
             Began as a Gargoyle Monk on Feb 19, 2019.
             Was the Champion of Trog.
             Slain by Urug
             ... wielding a +2 demon trident of draining
              (20 damage)
             ... in the Dungeon (Sprint IX: "|||||||||||||||||||||||||||||").
             The game lasted 00:02:59 (1366 turns).

sanboga the Severer (Gargoyle Monk)                 Turns: 1366, Time: 00:03:00

Health: 0/74       AC: 24    Str: 17    XL:     10   Next: 68%
Magic:  3/3        EV: 11    Int: 15    God:    Trog [******]
Gold:   30         SH:  0    Dex: 12    Spells: 9/9 levels left

rFire    . . .     SeeInvis .   t - +3 battleaxe (antimagic)
rCold    . . .     Gourm    .   (shield currently unavailable)
rNeg     + . .     Faith    .   h - +0 chain mail
rPois    ∞         Spirit   .   a - +0 helmet
rElec    +         Reflect  .   l - +0 cloak
rCorr    .         Harm     .   (no gloves)
MR       .....     NoTele   +   g - +0 pair of boots
Stlth    ..........             (no amulet)
HPRegen  0.22/turn              n - +2 ring of evasion
MPRegen  0.08/turn              m - +3 ring of intelligence

@: no status effects
A: negative energy resistance 1, electricity resistance, unbreathing,
petrification resistance, rot immunity, AC +7
a: Berserk, Trog's Hand, Brothers in Arms, Renounce Religion


You were in the Dungeon.
You worshipped Trog.
Trog was exalted by your worship.
You were very hungry.

You visited 1 branch You collected 30 gold pieces.

Inventory:

Hand Weapons
 t - a +3 antimagic battleaxe (weapon)
Armour
 a - a +0 helmet (worn)
 g - a +0 pair of boots (worn)
 h - a +0 chain mail (worn)
 l - a +0 cloak (worn)
Jewellery
 m - a +3 ring of intelligence (right hand)
 n - a +2 ring of evasion (left hand)
Wands
 j - a wand of acid (10)
Scrolls
 b - 3 scrolls of remove curse
 i - 3 scrolls of blinking
 p - a scroll of magic mapping
 q - a scroll of identify
 r - a scroll of fear
 s - 4 scrolls of enchant armour
Potions
 d - 6 potions of curing
 e - 5 potions of heal wounds
 f - a potion of haste
 o - a potion of might
Comestibles
 c - 11 rations


   Skills:
 + Level 13.7 Fighting
 * Level 15.7 Axes
 + Level 13.3 Armour
 - Level 2.4 Dodging
 - Level 2.1 Stealth


You had 9 spell levels left.
You didn't know any spells.
Your spell library was empty.

Dungeon Overview and Level Annotations

Branches:
Dungeon (1/1)

Altars:
Cheibriados
Dithmenos
Elyvilon
Fedhas
Gozag
Hepliaklqana
Kikubaaqudgha
Makhleb
Nemelex Xobeh
Okawaru
Qazlal
Ru
Sif Muna
Trog
Uskayaw
Vehumet
Wu Jian
Xom
Yredelemnul
Zin
The Shining One
Beogh
Jiyva
Lugonu

Annotations:
D Urug


Innate Abilities, Weirdness & Mutations

You are resistant to torment.
Your stone body is resilient. (AC +7)
You are immune to poison.
You resist negative energy. (rN+)
You are resistant to electric shocks. (rElec)
You can survive without breathing.
You are immune to petrification.
You are immune to rotting.


Message History

Urug hits you with a +2 demon trident of draining!
You are too injured to fight recklessly!
You are too injured to fight recklessly!
You are too injured to fight recklessly!
You are too injured to fight recklessly!
You are too injured to fight recklessly!
You are too injured to fight recklessly!
You are too injured to fight recklessly!
You are too injured to fight recklessly!
You are too injured to fight recklessly!
You are too injured to fight recklessly!
You are too injured to fight recklessly!
You hit Urug but do no damage.
Urug is severely wounded.
Urug hits you with a +2 demon trident of draining!
* * * LOW HITPOINT WARNING * * *
You hit Urug.
Urug is almost dead.
Urug hits you with a +2 demon trident of draining!!
You die...

▓.▓.▓.▓
▓.▓.▓!▓.▓
▓†▓.▓.▓.▓
▓†▓.▓!▓.▓
▓)▓.▓.▓.▓
▓.▓.▓)▓.▓
▓.▓.▓?▓.▓
▓.▓.▓.▓o▓
▓'▓.▓.▓@▓
▓_▓.▓.▓.▓
▓_▓.▓.▓.▓
▓_▓.▓.▓.▓
▓_▓.▓)▓(▓
▓_▓.▓)▓.▓
▓_▓.▓÷▓.▓
▓_▓.▓.▓.▓
▓_▓.▓.▓.▓


You could see Urug.

Vanquished Creatures
  A catoblepas (D)
  A deep elf mage (D)
  2 spiny frogs (D)
  2 komodo dragons (D)
  A tengu conjurer (D)
  6 polar bears (D)
  A blink frog (D)
  A basilisk (D)
  2 water moccasins (D)
  2 porcupines (D)
  2 black bears (D)
  2 crocodiles (D)
  8 bullfrogs (D)
  A big kobold (D)
  A howler monkey (D)
  A hound (D)
  A quasit (D)
  2 worker ants (D)
  2 adders (D)
  An ooze (D)
  2 orcs (D)
  2 bat zombies (D)
  A bat (D)
  3 rats (D)
48 creatures vanquished.

Notes
Turn   | Place    | Note
-------+----------+-------------------------------------------
     0 | D        | sanboga the Gargoyle Monk began the quest for the Orb.
     0 | D        | Reached XP level 1. HP: 14/14 MP: 1/1
     8 | D        | Reached skill level 3 in Axes
    11 | D        | Reached skill level 1 in Armour
    18 | D        | Reached XP level 2. HP: 8/20 MP: 2/2
   216 | D        | Noticed a howler monkey
   218 | D        | Reached skill level 4 in Axes
   224 | D        | Reached skill level 5 in Axes
   224 | D        | Reached XP level 3. HP: 25/25 MP: 3/3
   227 | D        | Reached skill level 5 in Fighting
   227 | D        | Reached skill level 6 in Axes
   227 | D        | Reached XP level 4. HP: 31/31 MP: 4/4
   250 | D        | Found a roughly hewn altar of Beogh.
   250 | D        | Found a snail-covered altar of Cheibriados.
   250 | D        | Found a shadowy altar of Dithmenos.
   250 | D        | Found a white marble altar of Elyvilon.
   250 | D        | Found a blossoming altar of Fedhas.
   250 | D        | Found an opulent altar of Gozag.
   251 | D        | Found a hazy altar of Hepliaklqana.
   252 | D        | Found a viscous altar of Jiyva.
   253 | D        | Found an ancient bone altar of Kikubaaqudgha.
   254 | D        | Found a corrupted altar of Lugonu.
   255 | D        | Found a burning altar of Makhleb.
   256 | D        | Found a sparkling altar of Nemelex Xobeh.
   257 | D        | Found an iron altar of Okawaru.
   258 | D        | Found a stormy altar of Qazlal.
   259 | D        | Found a sacrificial altar of Ru.
   260 | D        | Found a deep blue altar of Sif Muna.
   261 | D        | Found a bloodstained altar of Trog.
   262 | D        | Found a hide-covered altar of Uskayaw.
   263 | D        | Found a radiant altar of Vehumet.
   264 | D        | Found an ornate altar of the Wu Jian Council.
   265 | D        | Found a shimmering altar of Xom.
   266 | D        | Found a basalt altar of Yredelemnul.
   267 | D        | Found a glowing silver altar of Zin.
   268 | D        | Found a glowing golden altar of the Shining One.
   269 | D        | Became a worshipper of Trog the Wrathful
   269 | D        | Reached * piety under Trog
   269 | D        | Reached ** piety under Trog
   310 | D        | Noticed a water moccasin
   310 | D        | Noticed a bullfrog
   315 | D        | Killed a water moccasin
   315 | D        | Reached skill level 8 in Axes
   315 | D        | Reached XP level 5. HP: 28/38 MP: 5/5
   318 | D        | Reached XP level 6. HP: 33/44 MP: 6/6
   335 | D        | Reached *** piety under Trog
   339 | D        | Reached skill level 9 in Axes
   438 | D        | Noticed a deep elf mage
   438 | D        | Noticed a tengu conjurer
   450 | D        | Killed a deep elf mage
   450 | D        | Reached **** piety under Trog
   450 | D        | Reached skill level 11 in Axes
   450 | D        | Reached XP level 7. HP: 52/52 MP: 7/7
   450 | D        | Reached XP level 8. HP: 57/57 MP: 8/8
   451 | D        | Killed a tengu conjurer
   451 | D        | Reached skill level 10 in Fighting
   597 | D        | Noticed a catoblepas
   599 | D        | Reached ***** piety under Trog
   599 | D        | Reached skill level 12 in Axes
   604 | D        | Received a gift from Trog
   604 | D        | Reached skill level 10 in Armour
   622 | D        | Killed a catoblepas
   622 | D        | Reached skill level 13 in Axes
   622 | D        | Reached XP level 9. HP: 55/64 MP: 9/9
   633 | D        | Received a gift from Trog
   683 | D        | Noticed a spiny frog
   683 | D        | Noticed a spiny frog
   684 | D        | Noticed a komodo dragon
   690 | D        | Killed a spiny frog
   690 | D        | Reached skill level 14 in Axes
   693 | D        | Killed a spiny frog
   977 | D        | Noticed a komodo dragon
   982 | D        | Reached XP level 10. HP: 70/72 MP: 3/10
   998 | D        | Reached ****** piety under Trog
  1211 | D        | Reached skill level 15 in Axes
  1219 | D        | Received a gift from Trog
  1352 | D        | Noticed Urug
  1366 | D        | Slain by Urug

Skill      XL: |  1  2  3  4  5  6  7  8  9 10 |
---------------+-------------------------------+-----
Axes           | 3 5 6 8 11 13 14 15 | 15.7
Armour         | 1 3 4 6 9 11 12 13 | 13.3
Fighting       | 4 5 7 9 11 12 13 | 13.7
Dodging        | |  2.4
Stealth        | |  2.1

Action                   |  1- 3 |  4- 6 |  7- 9 | 10-12 || total
-------------------------+-------+-------+-------+-------++-------
Melee: Hand axe          |    19 |     1 |       |       ||    20
       War axe           |       |    41 |    39 |       ||    80
       Battleaxe         |       |       |    19 |    65 ||    84
Invok: Berserk           |       |     1 |     1 |     1 ||     3
  Use: Potion            |     1 |       |     1 |       ||     2
 Stab: Petrified         |       |       |     9 |       ||     9
       Invisible         |       |       |     2 |       ||     2
  Eat: Chunk             |       |       |     2 |     1 ||     3
Armor: Robe              |     5 |     1 |       |       ||     6
       Chain mail        |       |    41 |    17 |    45 ||   103
Dodge: Dodged            |     9 |    48 |    17 |    43 ||   117
